 Dungeon Crawl Stone Soup version 0.32-a0-933-ga8fa3634e4 (webtiles) character file.

Game seed: 2306207629191127120

284 Alarak the Shooter (level 6, -8/47 HPs)
             Began as a Barachi Hunter on Apr 14, 2024.
             Was an Initiate of Cheibriados.
             Mangled by Edmund
             ... wielding a +1 flail of protection
              (10 damage)
             ... on level 4 of the Dungeon.
             The game lasted 00:05:54 (2849 turns).

Alarak the Shooter (Barachi Hunter)                 Turns: 2849, Time: 00:05:57

Health: -8/47      AC:  7    Str: 13    XL:     6   Next: 29%
Magic:  6/6        EV: 11    Int: 11    God:    Cheibriados [......]
Gold:   200        SH:  0    Dex: 18    Spells: 5/5 levels left

rFire   . . .        a - +0 shortbow
rCold   . . .        (shield currently unavailable)
rNeg    . . .        c - +0 leather armour
rPois   .            (no helmet)
rElec   .            (no cloak)
rCorr   .            k - +1 pair of gloves
SInv    .            (no boots)
Will    .....        (no amulet)
Stlth   ++           (no ring)
HPRegen 0.27/turn    (no ring)
MPRegen 0.10/turn

%: no passive effects
@: brilliant, on berserk cooldown, slowed, very slow
A: amphibious, slowness 1, strong legs 1, +LOS, iridescent scales 1, screaming
1, noise suppression
a: Hop, Renounce Religion


You were on level 4 of the Dungeon.
You worshipped Cheibriados.
Cheibriados was noncommittal.
You visited 2 branches of the dungeon, and saw 6 of its levels.

You collected 200 gold pieces.

Inventory:

Hand Weapons
 a - a +0 shortbow (weapon)
Missiles
 p - 4 curare-tipped darts
 q - 4 poisoned darts
Armour
 c - a +0 leather armour (worn)
 k - a +1 pair of gloves (worn)
 n - a +0 ring mail
 r - a +0 tower shield
Jewellery
 d - a ring of ice
 e - a +6 ring of intelligence
 l - a +5 ring of evasion
Scrolls
 b - a scroll of butterflies
 f - a scroll of teleportation
 h - 2 scrolls of identify
Potions
 g - a potion of enlightenment
 j - 2 potions of mutation
 o - a potion of attraction {unknown}


   Skills:
 + Level 3.2 Fighting
 - Level 7.1 Ranged Weapons
 - Level 2.1 Dodging
 - Level 0.8 Stealth


You had 5 spell levels left.
You didn't know any spells.
Your spell library contained the following spells:

 Spells                   Type           Power      Damage    Failure   Level
 Apportation              Tloc           0%         N/A       41%         1
 Necrotise                Necr           0%         1d4       41%         1
 Sting                    Conj/Alch      0%         1d3       41%         1
 Summon Small Mammal      Summ           0%         N/A       41%         1
 Blink                    Tloc           0%         N/A       56%         2
 Lesser Beckoning         Tloc           0%         N/A       56%         2
 Momentum Strike          Conj/Tloc      0%         3d8       56%         2
 Summon Forest            Summ/Tloc      0%         N/A       100%        5
 Eringya's Noxious Bog    Alch           0%         4d6       100%        6
 Summon Hydra             Summ           0%         N/A       100%        7


Dungeon Overview and Level Annotations

Branches:
Dungeon (5/15)             Temple (1/1) D:4

Altars:
Ashenzari
Cheibriados
Dithmenos
Elyvilon
Fedhas
Gozag
Hepliaklqana
Kikubaaqudgha
Makhleb
Okawaru
Qazlal
Sif Muna
Trog
Uskayaw
Vehumet
Wu Jian
Xom
Yredelemnul
Zin
The Shining One

Annotations:
D:4 Edmund


Innate Abilities, Weirdness & Mutations

You are amphibious.
You cover ground slowly.
You can hop short distances.
You have an extended range of vision and can be seen from far away.
You are partially covered in iridescent scales. (AC +2)
You occasionally shout uncontrollably at your foes.
You passively dampen the noise of your surroundings.


Message History

* * * LOW HITPOINT WARNING * * *
It was a potion of berserk rage.
A red film seems to cover your vision as you go berserk!
Cheibriados protects you from inadvertent hurry.
You feel mighty!
Edmund hits you with a +1 flail of protection!
* * * LOW HITPOINT WARNING * * *
You clumsily bash Edmund but do no damage.
Edmund is moderately wounded.
Edmund hits you but does no damage. Edmund closely misses you.
You barely miss Edmund.
Edmund is moderately wounded.
Edmund hits you with a +1 flail of protection.
* * * LOW HITPOINT WARNING * * *
You closely miss Edmund.
Edmund is moderately wounded.
Edmund barely misses you. x2
You closely miss Edmund.
Edmund is moderately wounded.
You are ready to hop once more.
Edmund completely misses you.
You clumsily bash Edmund but do no damage.
Edmund is moderately wounded.
Edmund hits you with a +1 flail of protection!
* * * LOW HITPOINT WARNING * * *
Edmund closely misses you.
You are too berserk!
You clumsily bash Edmund.
Edmund is moderately wounded.
Edmund misses you.
You clumsily bash Edmund but do no damage.
Edmund is moderately wounded.
You are no longer berserk.
You are exhausted.
You feel yourself slow down.
Edmund says, "I might not be good at magic, but I can still kill you!"
Edmund hits you with a +1 flail of protection!
You die...
Edmund whines, "They better pay attention to me now!"
Cheibriados appreciates the motionlessness of death.

#.#......#) # # #.#.######) #.#
.# #.#...).... ##'## ###.#
#.#####.### #...# #... #........#
.....# ##.# #######.### ......##
##..# ##.##.###
.......####...###########...#.##.
.......')......@@..............'.
......|####...###########...#.##.
......## ##..# ##.##.### ....@#
##.# ####.# # #?.$# #.# ### #.#
##'## #.# ##.####.# #.# ..#
#.......# . .## ##.######## .. .
#.# #.....


You could see Edmund.

Vanquished Creatures
  An ogre (D:4)
  A bombardier beetle (D:4)
  Jessica (D:2)
  An iguana (D:4)
  2 adders
  3 dart slugs (D:1)
  2 ribbon worms
  An orc (D:4)
  5 ball pythons
  7 bats
  13 endoplasms
  3 giant cockroaches
  6 goblins
  5 hobgoblins
  2 jackals (D:3)
  9 kobolds
  3 quokkas
  5 frilled lizards
  9 rats
79 creatures vanquished.

Vanquished Creatures (collateral kills)
  A frilled lizard (D:3)
1 creature vanquished.

Grand Total: 80 creatures vanquished

Notes
Turn   | Place    | Note
-------+----------+-------------------------------------------
     0 | D:1      | Alarak the Barachi Hunter began the quest for the Orb.
     0 | D:1      | Reached XP level 1. HP: 17/17 MP: 1/1
   135 | D:1      | Reached XP level 2. HP: 23/23 MP: 2/2
   341 | D:1      | Found a faded altar of an unknown god.
   446 | D:1      | Reached XP level 3. HP: 25/28 MP: 3/3
   528 | D:1      | Reached skill level 5 in Ranged Weapons
   845 | D:2      | Noticed Jessica
   855 | D:2      | Killed Jessica
   856 | D:2      | Reached XP level 4. HP: 34/34 MP: 4/4
  1134 | D:2      | Found a hide-covered altar of Uskayaw.
  1461 | D:3      | You fall into a shaft and drop 2 floors!
  1461 | D:5      | Entered Level 5 of the Dungeon
  1472 | D:4      | Reached skill level 6 in Ranged Weapons
  1472 | D:4      | Reached XP level 5. HP: 36/39 MP: 5/5
  1782 | D:3      | Found a shadowy altar of Dithmenos.
  2133 | D:4      | Noticed Edmund
  2270 | D:4      | Noticed an ogre
  2280 | D:4      | Killed an ogre
  2281 | D:4      | Reached skill level 7 in Ranged Weapons
  2281 | D:4      | Reached XP level 6. HP: 22/46 MP: 6/6
  2451 | D:4      | Found a staircase to the Ecumenical Temple.
  2460 | Temple   | Entered the Ecumenical Temple
  2466 | Temple   | Became a worshipper of Cheibriados the Contemplative
  2838 | D:4      | Gained mutation: You occasionally shout uncontrollably at
                  | your foes. [potion of mutation]
  2838 | D:4      | Gained mutation: You are partially covered in iridescent
                  | scales. (AC +2) [potion of mutation]
  2838 | D:4      | Gained mutation: You passively dampen the noise of your
                  | surroundings. [potion of mutation]
  2839 | D:4      | HP: 2/47 [Edmund/+1 flail of protection (6)]
  2847 | D:4      | HP: 3/70 [Edmund/+1 flail of protection (7)]
  2849 | D:4      | Mangled by Edmund

Illustrated notes

Levels and vault maps discovered:
D:1:      zaba_arrival_water, layout_basic, ebering_ecumenical_altar_box
D:2:      minmay_chambers_of_ones, layout_rooms, basic_altar, uniq_jessica
D:3:      layout_loops_ring, nicolae_dithmenos_shadow_blocks, skrybe_limestone_x
D:4:      layout_loops_corners, minmay_temple_entry_gardened_gates, uniq_edmund
D:5:      layout_layer_cave, uniq_ijyb, uniq_duvessa, uniq_blork_the_orc
Temple:   eino_narrow_crystal_temple

Skill      XL: |  1  2  3  4  5  6 |
---------------+-------------------+-----
Ranged Weapons | 5 6 7 |  7.1
Fighting       | 3 |  3.2
Dodging        | |  2.1
Stealth        | |  0.8

Action                     |  1- 3 |  4- 6 || total
---------------------------+-------+-------++-------
  Melee: Shortbow          |       |     7 ||     7
   Fire: Shortbow          |    79 |   171 ||   250
Ability: Hop               |     2 |     3 ||     5
    Use: Scroll            |     2 |     5 ||     7
         Potion            |       |     4 ||     4
 Armour: Leather armour    |    18 |    39 ||    57
  Dodge: Dodged            |     4 |    48 ||    52

Table legend: (Time is in decaauts)
 A = Elapsed time spent in this place.
 B = Non-inter-level travel time spent in this place.
 C = Inter-level travel time spent in this place.
 D = Time resting spent in this place.
 E = Time spent auto-exploring this place.
 F = Levels seen in this place.
 G = Mean time per level.
                   A        B        C        D        E       F      G
               +--------+--------+--------+--------+--------+-----+--------+
         Total |   3395 |   3101 |    294 |    249 |   2366 |   6 |  565.8 |
       Dungeon |   3379 |   3099 |    280 |    249 |   2366 |   5 |  675.8 |
        Temple |     16 |      2 |     14 |      0 |      0 |   1 |   16.0 |
               +--------+--------+--------+--------+--------+-----+--------+

Top non-repeatable levels by time:
     D:4: 917 daAuts
     D:2: 863 daAuts
     D:1: 802 daAuts
     D:3: 790 daAuts
  Temple: 16 daAuts
     D:5: 5 daAuts
